 Dungeon Crawl Stone Soup version 0.29-a0-234-g0dae59b3db (webtiles) character file.

Game seed: 1385734392354048307

44 spaghetti the Sneak (level 3, -4/29 HPs)
             Began as a Mummy Delver on Mar 3, 2022.
             Was a Follower of Vehumet.
             Slain by a gnoll
             ... wielding a +0 whip
              (7 damage)
             ... on level 2 of the Dungeon.
             The game lasted 00:03:31 (2675 turns).

spaghetti the Sneak (Mummy Delver)                  Turns: 2675, Time: 00:03:32

Health: -4/29      AC:  3    Str: 15    XL:     3   Next: 41%
Magic:  5/8        EV: 11    Int: 11    God:    Vehumet [*.....]
Gold:   113        SH:  0    Dex: 13    Spells: 8/9 levels left

rFire   x . .      SeeInvis +   a - +0 falchion {long}
rCold   + . .      Faith    .   (no shield)
rNeg    + + +      Spirit   .   b - +0 leather armour
rPois   ∞          Reflect  .   (no helmet)
rElec   .          Harm     .   (no cloak)
rCorr   .          Rampage  .   (no gloves)
Will    .....                   (no boots)
Stlth   ++........              (no amulet)
HPRegen 0.09/turn               g - ring of see invisible
MPRegen 0.11/turn               (no ring)

@: no status effects
A: cold resistance 1, negative energy resistance 3, torment resistance 2, heat
vulnerability 1, in touch with death 1, no potions
a: Renounce Religion


You were on level 2 of the Dungeon.
You worshipped Vehumet.
Vehumet was aware of your devotion.
You visited 1 branch of the dungeon, and saw 6 of its levels.

You collected 113 gold pieces.


Innate Abilities, Weirdness & Mutations

You are immune to poison.
Your flesh is cold resistant. (rC+)
You are immune to negative energy. (rN+++)
You are immune to unholy pain and torment.
You are vulnerable to heat. (rF-)
You are in touch with the powers of death.
You do not drink.


   Skills:
 - Level 3.1 Fighting
 - Level 1.5 Long Blades
 - Level 1.5 Dodging
 - Level 4.1 Stealth
 + Level 3.6 Spellcasting


You had 8 spell levels left.
You knew the following spells:

 Your Spells              Type           Power      Damage    Failure   Level
a - Foxfire               Conj/Fire      8%         2x1d4     30%         1

Your spell library contained the following spells:

 Spells                   Type           Power      Damage    Failure   Level


Inventory:

Hand Weapons
 a - a +0 falchion (weapon) {long}
Missiles
 d - 109 stones (quivered) {throwing}
 e - 5 poisoned darts {throwing}
 h - a throwing net {=f!fthrowing}
Armour
 b - a +0 leather armour (worn)
Jewellery
 g - a ring of see invisible (left hand)
   (You found it on level 2 of the Dungeon)
Wands
 f - a wand of digging (3)
Scrolls
 c - a scroll of fog

Dungeon Overview and Level Annotations

Branches:
Dungeon (6/15)
 Temple: D:4-7

Altars:
Vehumet

g...###.## #...# #.##.....>.
...#...## #####...#####.##..#.###
#.###..####...........#.##....###
#.# #...............)............
#.# ###.###...........#.###.#.###
#.#####.# #####...#####.......###
..##....# #...# #####......
####.####


#ggg# #.##### # #g@.# #.# # ##.## #.# # #.# ###.# ## ########
##.########.#.####. #......###<.......#....!.... #<##.)..#.#.#.###......#####
#.##..........# #.......# # #.##.#..#.##..###......## # #.##..>................#
You could see 4 gnolls.


Message History

No target in view!
No target in view!
No target in view!
No target in view!
No target in view!
Found an escape hatch in the floor. 😎 HP[+2] MP[+1]
Your hp is fully restored (29).
Your mp is fully restored (8).
h - a scroll labelled UTWYNEYG HOMU A frilled lizard comes into view.
A frilled lizard is nearby!
As you read the scroll labelled UTWYNEYG HOMU, it crumbles to dust.
Wisps of shadow whirl around you...
It was a scroll of summoning.
A frilled lizard is nearby!
Your giant cockroach misses the frilled lizard.
The frilled lizard closely misses your giant cockroach.
You swap places.
The frilled lizard bites you. 😕 HP[-2]
You take 2 damage, and now have 27/29 hp.
You hit the frilled lizard.
You kill the frilled lizard!
Vehumet accepts your kill.
No target in view!
No target in view!
No target in view!
No target in view!
No target in view!
No target in view!
No target in view!
No target in view!
No target in view!
No target in view!
No target in view!
No target in view!
No target in view!
No target in view!
You see here a frilled lizard corpse.
Key pressed, stopping explore.
Your giant cockroach dissolves into shadows!
Your hobgoblin dissolves into shadows!
h - a throwing net {=f!fthrowing} You swap places.
Key pressed, stopping explore.
Your goblin dissolves into shadows!
You see here a +0 leather armour.
Key pressed, stopping explore.
You now have 113 gold pieces (gained 12).
There is a dry fountain here.
You see here a +0 club {mace}.
Done exploring. 😎 HP[+2]
Your hp is fully restored (29).
Done exploring.
(D) Dungeon
Where to? (Enter - D:1, ? - help)
You see here a +0 leather armour.
There is a stone staircase leading down here.
You climb downwards.
There is a stone staircase leading up here.
Unknown command.
Unknown command.
There is a stone staircase leading down here.
There is a stone staircase leading up here.
Casting: Foxfire (safe; 30% risk of failure)
Confirm with . or Enter, or press ? or * to list all spells.
You conjure some foxfire!
The gnoll shouts! x2 😎 MP[-1]
You lost 1 mp, and now have 7/8 mp.
Casting: Foxfire (safe; 30% risk of failure)
Confirm with . or Enter, or press ? or * to list all spells.
You conjure some foxfire!
The foxfire hits the gnoll.
A gnoll comes into view. It is wielding a +0 club. 😎 MP[-1]
You lost 1 mp, and now have 6/8 mp.
The foxfire hits the gnoll. x2
The foxfire hits the gnoll but does no damage.
The gnoll hits you with a +0 club. 😕 HP[-3]
You take 3 damage, and now have 26/29 hp.
You completely miss the gnoll. The gnoll hits you with a +0 spear!
The gnoll barely misses you. x2 😮 HP[-10]
You take 10 damage, and now have 16/29 hp.
MASSIVE DAMAGE!! (PAUSE)
Casting: Foxfire (safe; 30% risk of failure)
Confirm with . or Enter, or press ? or * to list all spells.
You conjure some foxfire!
The gnoll hits you with a +0 club.
* * * LOW HITPOINT WARNING * * *
The foxfire hits the gnoll.
The gnoll hits you with a +0 whip!
* * * LOW HITPOINT WARNING * * *
😱 HP[-13] MP[-1]
You take 13 damage, and now have 3/29 hp.
MASSIVE DAMAGE!! (PAUSE)
You lost 1 mp, and now have 5/8 mp.
Okay, then.
You can't drink.
You hit the gnoll but do no damage.
The foxfire hits the gnoll.
The gnoll misses you. The gnoll hits you with a +0 whip!
You die...

Skill      XL: |  1  2 |
---------------+-------+-----
Spellcasting   | 2 3 |  3.6
Fighting       | |  3.1
Long Blades    | |  1.5
Dodging        | |  1.5
Stealth        | |  4.1

Action                   || total
-------------------------++-------
Melee: Falchion          ||    78
 Cast: Foxfire           ||    26
  Use: Scroll            ||     6
 Stab: Sleeping          ||     5
Armor: Leather armour    ||    14
Dodge: Dodged            ||    50

Levels and vault maps discovered:
D:1:      dpeg_arrival_rooms_c, layout_basic, grunt_decor_mini_mirrors
D:2:      layout_loops_cross, grunt_decor_arrowhead
D:3:      layout_rooms, hellmonk_ecumenical_altar_crossroads, st_stairs_9
D:4:      minmay_chambers_of_fours, layout_cave_pods, uniq_edmund
D:5:      layout_basic, minmay_divided_ellipse
D:6:      layout_gridville, tso_oasis_becter, grunt_decor_fettered, uniq_pikel

Notes
Turn   | Place    | Note
-------+----------+-------------------------------------------
     0 | D:5      | spaghetti the Mummy Delver began the quest for the Orb.
     0 | D:5      | Reached XP level 1. HP: 18/18 MP: 1/1
     0 | D:5      | magus.rc [v1.9.6]
    40 | D:6      | Noticed an orc wizard
    40 | D:6      | Noticed an orc warrior
    40 | D:6      | Noticed an orc priest
    93 | D:5      | Noticed an orc wizard
    95 | D:5      | Noticed an orc wizard
   160 | D:3      | Found a faded altar of an unknown god.
   229 | D:3      | Noticed an orc warrior
   235 | D:3      | Prayed at the altar of an unknown god.
   235 | D:3      | Became a worshipper of Vehumet
   235 | D:3      | Reached * piety under Vehumet
   235 | D:3      | Offered knowledge of Foxfire by Vehumet.
   261 | D:3      | Reached skill level 1 in Spellcasting
   272 | D:2      | Learned a level 1 spell: Foxfire
   374 | D:2      | Reached skill level 2 in Spellcasting
   374 | D:2      | Reached XP level 2. HP: 12/24 MP: 1/5
   891 | D:2      | Reached skill level 3 in Spellcasting
  1129 | D:2      | HP: 4/24 [gnoll/+0 spear (9)]
  1131 | D:2      | HP: 1/24 [gnoll/+0 club (3)]
  1416 | D:1      | Gained mutation: You are in touch with the powers of death.
                  | [Mummy growth]
  1416 | D:1      | Reached XP level 3. HP: 27/29 MP: 4/7
  2674 | D:2      | HP: 3/29 [gnoll/+0 whip (7)]
  2675 | D:2      | Slain by a gnoll

Vanquished Creatures
  An adder (D:2)
  A worm (D:2)
  2 dart slugs (D:1)
  An orc (D:3)
  3 ball pythons
  An endoplasm (D:2)
  A giant cockroach (D:2)
  3 goblins
  3 hobgoblins
  2 kobolds (D:1)
  2 quokkas (D:1)
  A bat (D:2)
  2 frilled lizards
  3 rats
26 creatures vanquished.

Vanquished Creatures (others)
  40 foxfires
40 creatures vanquished.

Grand Total: 66 creatures vanquished

Table legend:
 A = Non-vault XP
 B = Vault XP
 C = Vault XP percentage of total XP
 D = Non-vault monster count
 E = Vault monster count
 F = Vault count percentage of total count
                 A         B        C        D         E       F
            +---------+---------+-------+---------+---------+-------
      Total |      60 |       4 |   6.2 |      24 |       2 |   7.7
            +---------+---------+-------+---------+---------+-------
        D:1 |      27 |       0 |   0.0 |      13 |       0 |   0.0
        D:2 |      30 |       0 |   0.0 |      10 |       0 |   0.0
        D:3 |       3 |       4 |  57.1 |       1 |       2 |  66.7
            +---------+---------+-------+---------+---------+-------

Illustrated notes

Table legend:
 A = Kills in this place as a percentage of kills in entire the game.
 B = Kills by you in this place as a percentage of kills by you in the entire game.
 C = Kills by friends in this place as a percentage of kills by friends in the entire game.
 D = Other kills in this place as a percentage of other kills in the entire game.
 E = Experience gained in this place as a percentage of experience gained in the entire game.
 F = Experience gained in this place divided by the number of levels of this place that you have seen.
                   A       B       C       D       E      F
               +-------+-------+-------+-------+-------+----------------------
         Total | 100.0 | 100.0 |   N/A |   N/A | 100.0 |  10.7
       Dungeon | 100.0 | 100.0 |   N/A |   N/A | 100.0 |  10.7
               +-------+-------+-------+-------+-------+----------------------

Table legend: (Time is in decaauts)
 A = Elapsed time spent in this place.
 B = Non-inter-level travel time spent in this place.
 C = Inter-level travel time spent in this place.
 D = Time resting spent in this place.
 E = Time spent auto-exploring this place.
 F = Levels seen in this place.
 G = Mean time per level.
                   A        B        C        D        E       F      G
               +--------+--------+--------+--------+--------+-----+--------+
         Total |   2692 |   2574 |    118 |    468 |   1772 |   6 |  448.7 |
       Dungeon |   2692 |   2574 |    118 |    468 |   1772 |   6 |  448.7 |
               +--------+--------+--------+--------+--------+-----+--------+

Top non-repeatable levels by time:
     D:1: 1488 daAuts
     D:2: 936 daAuts
     D:3: 107 daAuts
     D:5: 84 daAuts
     D:6: 55 daAuts
     D:4: 19 daAuts
